 Dungeon Crawl Stone Soup version 0.27-a0-93-g19769c27d7 (webtiles) character file.

Game seed: 13745782774211623998

47 spulaser the Poker (level 3, -1/28 HPs)
             Began as a Merfolk Gladiator on Jan 16, 2021.
             Slain by an ogre
             ... wielding a +0 giant spiked club
              (29 damage)
             ... on level 2 of the Dungeon.
             The game lasted 00:10:58 (1011 turns).

spulaser the Poker (Merfolk Gladiator)              Turns: 1011, Time: 00:10:59

Health: -1/28      AC:  9    Str: 14    XL:     3   Next: 70%
Magic:  3/3        EV:  8    Int:  7    God:
Gold:   66         SH:  0    Dex: 16    Spells: 2/2 levels left

rFire    . . .     SeeInvis .   a - +0 trident
rCold    . . .     Faith    .   (no shield)
rNeg     . . .     Spirit   .   i - +0 chain mail
rPois    .         Reflect  .   c - +0 helmet
rElec    .         Harm     .   (no cloak)
rCorr    .         Rampage  .   (no gloves)
Will     .....                  (no boots)
Stlth    ..........             (no amulet)
HPRegen  0.09/turn              (no ring)
MPRegen  0.08/turn              (no ring)

@: no status effects
A: change form in water, swift swim, stealthy swim
a: no special abilities


You were on level 2 of the Dungeon.
You visited 1 branch of the dungeon, and saw 2 of its levels.

You collected 66 gold pieces.

Inventory:

Hand Weapons
 a - a +0 trident (weapon)
Missiles
 d - 2 throwing nets (quivered)
Armour
 b - a +0 leather armour
 c - a +0 helmet (worn)
 i - a +0 chain mail (worn)
Scrolls
 h - a scroll of identify {unknown}
Potions
 e - a potion of attraction {unknown}
 f - 2 potions of flight {unknown}
 g - a potion of mutation {unknown}
 j - a potion of curing {unknown}


   Skills:
 + Level 2.6 Fighting
 + Level 5.2 Polearms
 + Level 2.0 Throwing
 + Level 0.2 Armour
 + Level 5.0 Dodging
 + Level 0.3 Stealth


You had 2 spell levels left.
You didn't know any spells.
Your spell library was empty.

Dungeon Overview and Level Annotations

Branches:
Dungeon (2/15)

Altars:
Nemelex Xobeh


Message History

You see here a +0 dagger.
An adder comes into view.
The adder hisses angrily.
You puncture the adder!
The adder is severely wounded.
The adder bites you but does no damage.
You hit the adder.
You kill the adder!
Your Dodging skill increases to level 5!
Found a ring mail.
Found 23 sling bullets.
Found an escape hatch in the floor.
An ogre comes into view. It is wielding a +0 giant spiked club.
The ogre shouts!
A giant cockroach comes into view.
Found 6 gold pieces.
A kobold comes into view. It is wielding a +1 dagger of venom.
The kobold shouts!
The ogre hits you with a +0 giant spiked club!!
Ouch! That really hurt!
You die...

#.######..#####.##
#..†..<...#
#.#######
...###....#
#.......# ##.#
#.#..#####.#####.#
##.# #.#........#
##.# #.##.#####.#
##.# #.##.# #.#
##.# #.##.#
#.#####.# ...###.#
.# #.@O...$# ....#
......[.###..B.
##..# ######.#. .
#...# ...#. #.#...
.... .# #...###
##>.( # ..###
#.#.# #.# K# #.#


You could see an ogre, a giant cockroach and a kobold.

Vanquished Creatures
  An adder (D:2)
  An ooze (D:1)
  3 dart slugs
  A leopard gecko (D:1)
  4 bats (D:1)
  A giant cockroach (D:1)
  2 goblins (D:1)
  2 hobgoblins (D:1)
  4 jackals (D:1)
  4 kobolds
  A frilled lizard (D:2)
  5 rats
29 creatures vanquished.

Notes
Turn   | Place    | Note
-------+----------+-------------------------------------------
     0 | D:1      | spulaser the Merfolk Gladiator began the quest for the Orb.
     0 | D:1      | Reached XP level 1. HP: 16/16 MP: 1/1
   134 | D:1      | Reached XP level 2. HP: 12/22 MP: 2/2
   492 | D:1      | Reached skill level 5 in Polearms
   503 | D:1      | Reached XP level 3. HP: 28/28 MP: 3/3
   775 | D:1      | Found a sparkling altar of Nemelex Xobeh.
  1003 | D:2      | Reached skill level 5 in Dodging
  1010 | D:2      | Noticed an ogre
  1011 | D:2      | Slain by an ogre

Illustrated notes

Levels and vault maps discovered:
D:1:      dpeg_arrival_lava_temple_mockup, layout_basic, nemelex_altar_shiori
D:2:      layout_loops_ring, minitemple

Skill      XL: |  1  2  3 |
---------------+----------+-----
Polearms       | 5 |  5.2
Dodging        | 5 |  5.0
Fighting       | |  2.6
Throwing       | |  2.0
Armour         | |  0.2
Stealth        | |  0.3

Action                   || total
-------------------------++-------
Melee: Trident           ||    78
Throw: Throwing net      ||     1
Armor: Leather armour    ||    20
       Chain mail        ||     9
Dodge: Dodged            ||    48

Table legend: (Time is in decaauts)
 A = Elapsed time spent in this place.
 B = Non-inter-level travel time spent in this place.
 C = Inter-level travel time spent in this place.
 D = Time resting spent in this place.
 E = Time spent auto-exploring this place.
 F = Levels seen in this place.
 G = Mean time per level.
                   A        B        C        D        E       F      G
               +--------+--------+--------+--------+--------+-----+--------+
         Total |   1014 |    337 |    677 |      0 |      0 |   2 |  507.0 |
       Dungeon |   1014 |    337 |    677 |      0 |      0 |   2 |  507.0 |
               +--------+--------+--------+--------+--------+-----+--------+

Top non-repeatable levels by time:
     D:1: 889 daAuts
     D:2: 124 daAuts
